 Dungeon Crawl Stone Soup version 0.30.0 (webtiles) character file.

Game seed: 7252126333887493702

21 Byczy the Slasher (level 2, 0/25 HPs)
             Began as a Minotaur Gladiator on May 6, 2023.
             Slain by a worm (7 damage)
             ... on level 2 of the Dungeon.
             The game lasted 00:07:02 (490 turns).

Byczy the Slasher (Minotaur Gladiator)               Turns: 490, Time: 00:07:02

Health: 0/25       AC:  8    Str: 18    XL:     2   Next: 62%
Magic:  1/1        EV: 12    Int: 11    God:
Gold:   20         SH:  0    Dex: 11    Spells: 1/1 levels left

rFire   . . .        a - +0 long sword
rCold   . . .        (no shield)
rNeg    . . .        b - +0 leather armour
rPois   .            c - +0 hat
rElec   .            (no cloak)
rCorr   .            (no gloves)
SInv    .            f - +0 pair of boots {Stlth+}
Will    .....        (no amulet)
Stlth   ++           p - +6 ring of intelligence
HPRegen 0.24/turn    q - +4 ring of protection
MPRegen 0.07/turn

%: no passive effects
@: no status effects
A: horns 2, retaliatory headbutt
a: no special abilities


You were on level 2 of the Dungeon.
You visited 1 branch of the dungeon, and saw 2 of its levels.

You collected 20 gold pieces.

Inventory:

Hand Weapons
 a - a +0 long sword (weapon)
 g - a +0 antimagic trident
 l - a +0 club
 n - a +0 club
 o - a +0 dagger
Missiles
 d - 3 throwing nets (quivered)
 e - a javelin
Armour
 b - a +0 leather armour (worn)
 c - a +0 hat (worn)
 f - a +0 pair of boots of stealth (worn)
 h - a +0 leather armour
 k - a +0 scale mail
Jewellery
 p - a +6 ring of intelligence (left hand)
 q - a +4 ring of protection (right hand)
Scrolls
 i - a scroll of noise {unknown}
 j - 2 scrolls of identify {unknown}
Potions
 m - 2 potions of attraction {unknown}
 r - a potion of heal wounds {unknown}


   Skills:
 + Level 2.6 Fighting
 + Level 4.0 Long Blades
 + Level 2.1 Throwing
 + Level 0.2 Armour
 + Level 3.8 Dodging


You had one spell level left.
You didn't know any spells.
Your spell library was empty.

Dungeon Overview and Level Annotations

Branches:
Dungeon (2/15)

Altars:


Innate Abilities, Weirdness & Mutations

You have a pair of horns on your head.
You reflexively headbutt those who attack you in melee.


Message History

You barely miss the giant cockroach.
Your headbutt misses the giant cockroach.
The giant cockroach misses you. You furiously retaliate!
You headbutt the giant cockroach, but do no damage.
You slash the giant cockroach!
You kill the giant cockroach!
A kobold comes into view. It is wielding a +0 dagger.
The kobold shouts!
A worm comes into view.
You hit the kobold.
You kill the kobold!
You slash the worm!
The worm is heavily wounded.
You hit the worm.
The worm is severely wounded.
The worm barely misses you. You furiously retaliate!
You headbutt the worm. You slash the worm!
You kill the worm!
You see here a +0 dagger.
m - 2 inky potions (gained 1)
You open the door.
A worm comes into view.
Found a scroll labelled QUREOPP SEDDI and 5 stones.
There is an open door here.
You slash the worm! Your headbutt misses the worm.
The worm is heavily wounded.
The worm bites you!
You barely miss the worm.
The worm is heavily wounded.
You slash the worm!
The worm is almost dead.
The worm bites you.
You barely miss the worm. You headbutt the worm.
The worm is almost dead.
The worm bites you.
* * * LOW HITPOINT WARNING * * *
You barely miss the worm.
The worm is almost dead.
The worm bites you!
You die...

######### #########
#..(..... ######... ...#
#........
.....#.#####.###........
##....)........'@w......
##...#....#..###..?.....
#..#.####.#+## #........
....... .... #........
......##...... #........
....#.##......##........
....#<###+######........
....### ...##.... ....#


You could see a worm.

Vanquished Creatures
  A worm (D:2)
  A dart slug (D:1)
  A ball python (D:1)
  A giant cockroach (D:2)
  3 goblins
  3 hobgoblins
  2 frilled lizards (D:1)
  2 kobolds
  A rat (D:2)
15 creatures vanquished.

Notes
Turn   | Place    | Note
-------+----------+-------------------------------------------
     0 | D:1      | Byczy the Minotaur Gladiator began the quest for the Orb.
     0 | D:1      | Reached XP level 1. HP: 18/18 MP: 0/0
   151 | D:1      | Reached XP level 2. HP: 25/25 MP: 1/1
   426 | D:2      | Reached skill level 4 in Long Blades
   490 | D:2      | Slain by a worm

Illustrated notes

Levels and vault maps discovered:
D:1:      lightli_molten_gateway, layout_rooms
D:2:      layout_basic, uniq_natasha

Skill      XL: |  1  2 |
---------------+-------+-----
Long Blades    | 4 |  4.0
Fighting       | |  2.6
Throwing       | |  2.1
Armour         | |  0.2
Dodging        | |  3.8

Action                     || total
---------------------------++-------
  Melee: Long sword        ||    34
         Punch             ||     2
         Headbutt          ||     4
  Throw: Throwing net      ||     1
 Armour: Leather armour    ||     5
  Dodge: Dodged            ||    13
